 Dungeon Crawl Stone Soup version 0.30.0-18-gc0e69614cb (webtiles) character file.

Game seed: 14112462945962103958

143 monsoonserge the Trooper (level 5, -9/55 HPs)
             Began as an Ogre Cinder Acolyte on May 25, 2023.
             Was a High Priest of Ignis.
             Mangled by a gnoll sergeant
             ... wielding a +0 trident
              (13 damage)
             ... on level 4 of the Dungeon.
             The game lasted 00:08:58 (2760 turns).

monsoonserge the Trooper (Ogre Cinder Acolyte)      Turns: 2760, Time: 00:08:59

Health: -9/55      AC:  7    Str: 20    XL:     5   Next: 25%
Magic:  1/8        EV:  9    Int: 15    God:    Ignis [*****.]
Gold:   189        SH:  5    Dex:  4    Spells: 6/8 levels left

rFire   + . .        a - -1 hand axe (flame)
rCold   . . .        (no shield)
rNeg    . . .        b - +0 robe
rPois   .            (helmet restricted)
rElec   .            (no cloak)
rCorr   .            (gloves unavailable)
SInv    .            (boots unavailable)
Will    .....        o - amulet of reflection
Stlth   +            c - +4 ring of protection
HPRegen 0.29/turn    z - ring of flight
MPRegen 0.11/turn

%: reflection
@: flying, very slightly contaminated
A: large, unfitting armour, tough skin 1
a: Renounce Religion, Fiery Armour, Foxfire Swarm, Rising Flame


You were on level 4 of the Dungeon.
You worshipped Ignis.
Ignis was extremely pleased with you.
You visited 1 branch of the dungeon, and saw 4 of its levels.

You collected 189 gold pieces.

Inventory:

Hand Weapons
 a - a -1 hand axe of flaming (weapon)
 x - a +2 sling of freezing
Missiles
 j - 26 stones (quivered)
 t - 2 boomerangs
 w - 6 atropa-tipped darts
Armour
 b - a +0 robe (worn)
Magical Staves
 f - a staff of conjuration
Jewellery
 c - a +4 ring of protection (left hand)
 o - an amulet of reflection (around neck)
 z - a ring of flight (right hand)
Wands
 u - a wand of iceblast (4)
Scrolls
 i - 2 scrolls of noise {unknown}
 k - a scroll of magic mapping {unknown}
 m - 3 scrolls of identify {unknown}
 r - a scroll of poison {unknown}
 s - a scroll of fear {unknown}
 v - a scroll of teleportation {unknown}
 A - a scroll of vulnerability {unknown}
Potions
 d - a potion of degeneration {unknown}
 e - 2 potions of mutation {unknown}
 g - 2 potions of invisibility {unknown}
 h - a potion of haste {unknown}
 l - a potion of heal wounds {unknown}
 n - a potion of resistance {unknown}
 p - 2 potions of magic {unknown}
 q - a potion of brilliance {unknown}


   Skills:
 + Level 4.7 Fighting
 + Level 4.2 Axes
 + Level 0.7 Dodging
 - Level 2.0 Spellcasting
 + Level 3.3 Fire Magic
 - Level 1.0 Evocations


You had 6 spell levels left.
You knew the following spells:

 Your Spells              Type           Power      Damage    Failure   Level
a - Scorch                Fire           22%        2d6       9%          2

Your spell library contained the following spells:

 Spells                   Type           Power      Damage    Failure   Level


Dungeon Overview and Level Annotations

Branches:
Dungeon (4/15)
 Temple: D:4-7

Altars:

Annotations:
D:3 2 transporters, nono6's ghost, amateur HuMo


Innate Abilities, Weirdness & Mutations

You are too large for most types of armour.
You have tough skin. (AC +1)


Message History

The foxfire hits the gnoll sergeant.
The gnoll sergeant is severely wounded.
The foxfire hits the gnoll sergeant but does no damage.
The gnoll sergeant is severely wounded.
The foxfire hits the gnoll sergeant.
The gnoll sergeant is severely wounded.
The foxfire hits the gnoll sergeant but does no damage.
The gnoll sergeant is severely wounded.
The gnoll sergeant hits you from afar with a +0 trident.
* * * LOW HITPOINT WARNING * * *
The foxfire hits the gnoll sergeant but does no damage.
The gnoll sergeant is severely wounded.
The foxfire hits the gnoll sergeant but does no damage.
The gnoll sergeant is severely wounded.
Press: ? - help, v - describe, . - travel
Here: a gnoll sergeant, wielding a +0 trident and wearing a +0 scale mail (severely wounded, poisoned)
The floor, spattered with blood.
Throw: 3 darts (poison)
Press: ? - help, Q - select action, (/) - cycle Shift-Dir - straight line, f/p - gnoll sergeant
Aim: a gnoll sergeant, wielding a +0 trident and wearing a +0 scale mail (severely wounded, poisoned, 61% to hit)
You throw a poisoned dart.
The poisoned dart hits the gnoll sergeant.
The gnoll sergeant is severely wounded.
The gnoll sergeant hits you from afar with a +0 trident.
* * * LOW HITPOINT WARNING * * *
Throw: 2 darts (poison)
Press: ? - help, Q - select action, (/) - cycle Shift-Dir - straight line, f/p - gnoll sergeant
Aim: a gnoll sergeant, wielding a +0 trident and wearing a +0 scale mail (severely wounded, poisoned, 61% to hit)
You throw a poisoned dart.
The poisoned dart closely misses the gnoll sergeant.
The gnoll sergeant closely misses you.
Throw: dart (poison)
Press: ? - help, Q - select action, (/) - cycle Shift-Dir - straight line, f/p - gnoll sergeant
Aim: a gnoll sergeant, wielding a +0 trident and wearing a +0 scale mail (severely wounded, poisoned, 61% to hit)
You throw a poisoned dart.
The poisoned dart hits the gnoll sergeant.
The gnoll sergeant looks even sicker.
The gnoll sergeant is severely wounded.
The gnoll sergeant hits you from afar with a +0 trident!
You die...

#≈##≈≈≈##≈....###
#≈#######≈...##
#≈≈#.?.#≈≈...#
#≈≈#.).#≈≈...#
#≈≈#.()#≈≈...#
#≈###)###≈#.##
#≈##≈g≈##≈#.#
#≈≈≈≈.≈≈≈≈..#
#####.@....##
########


You could see a gnoll sergeant (very poisoned).

Vanquished Creatures
  A sleepcap (D:4)
  3 adders
  4 gnolls (D:4)
  A worm (D:2)
  A dart slug (D:1)
  4 bats
  4 endoplasms
  3 giant cockroaches
  5 goblins
  3 hobgoblins
  3 jackals (D:2)
  3 quokkas
  4 ball pythons
  2 frilled lizards
  3 kobolds
  3 rats
47 creatures vanquished.

Vanquished Creatures (others)
  A hobgoblin (D:3)
  12 foxfires (D:4)
13 creatures vanquished.

Grand Total: 60 creatures vanquished

Notes
Turn   | Place    | Note
-------+----------+-------------------------------------------
     0 | D:1      | monsoonserge the Ogre Cinder Acolyte began the quest for
                  | the Orb.
     0 | D:1      | Reached XP level 1. HP: 24/24 MP: 2/2
   318 | D:1      | Reached XP level 2. HP: 26/32 MP: 3/3
   345 | D:1      | Learned a level 2 spell: Scorch
  1089 | D:2      | Reached XP level 3. HP: 36/40 MP: 1/5
  1159 | D:2      | Found a faded altar of an unknown god.
  1393 | D:2      | Identified the +1 scale mail of Waitwot {Harm rN+}
  1543 | D:3      | Reached XP level 4. HP: 49/49 MP: 3/6
  1621 | D:3      | Noticed an ogre
  1621 | D:3      | Noticed nono6's ghost (amateur HuMo)
  1622 | D:3      | Found a transporter.
  1622 | D:3      | Found a transporter.
  1622 | D:3      | Identified the +2 giant spiked club of the Fifty Geomancers
                  | {venom, rPois Dex-2 SInv}
  1622 | D:3      | Noticed an ogre
  2745 | D:4      | Noticed a gnoll sergeant
  2747 | D:4      | Reached XP level 5. HP: 55/55 MP: 8/8
  2755 | D:4      | Reached skill level 1 in Evocations
  2760 | D:4      | Mangled by a gnoll sergeant

Illustrated notes

Levels and vault maps discovered:
D:1:      ldierk_walled_garden, layout_basic
D:2:      layout_basic, chequers_ecumenical_altar_twisty,
          mrwooster_statue_mirror
D:3:      layout_basic, gammafunk_ghost_smash, roderic_nine_men_s_morris,
          hangedman_decor_slide_cut, minmay_crystal_water, serial_bayou_lake_a
D:4:      layout_rooms, minitemple, lightli_minifort

Skill      XL: |  1  2  3  4  5 |
---------------+----------------+-----
Fire Magic     | 3 |  3.3
Spellcasting   | 2 |  2.0
Axes           | 4 |  4.2
Evocations     | 1 |  1.0
Fighting       | |  4.7
Dodging        | |  0.7

Action                     |  1- 3 |  4- 6 || total
---------------------------+-------+-------++-------
  Melee: Hand axe          |    88 |    22 ||   110
  Throw: Boomerang         |       |     1 ||     1
         Dart              |       |     4 ||     4
   Cast: Scorch            |    12 |    16 ||    28
 Invoke: Foxfire Swarm     |       |     1 ||     1
  Evoke: Wand              |       |     1 ||     1
 Armour: Robe              |    51 |     2 ||    53
  Dodge: Dodged            |    47 |    10 ||    57
  Block: Other             |       |     8 ||     8
